Map: Catalyst LE

Players

JJAKJI - Winner!

  • Race: Terran Terran
  • League: Platinum
  • Spawn Location: 11:00

Solar

  • Race: Zerg Zerg
  • Spawn Location: 5:00

Event: HomeStory Cup XVI

VOD

Have the link to the VOD?

Description

Time

  • Played on: Nov. 11, 2017, 12:40 p.m.
  • Length: 9:19

All games in this series

Show
View Real Time Build Order
Export as new Build Order

JJAKJI Terran - Winner!

Build Orders:  

Get SALT Encoding   

  12  0:00  SCV  
  13  0:12  SCV  
  14  0:19  Supply Depot  
  14  0:24  SCV  
  15  0:41  Barracks  
  15  0:51  Barracks  
  15  0:55  SCV  
  16  1:07  SCV  
  16  1:08  Refinery  
  17  1:19  SCV  
  18  1:28  Marine  
  18  1:31  Orbital Command  
  19  1:38  Bunker  
  19  1:39  Marine  
  20  1:46  Marine  
  21  1:51  Supply Depot  
  21  1:56  Marine  
  22  2:04  Marine  
  22  2:06  Bunker  
  23  2:12  SCV  
  23  2:15  Marine  
  25  2:23  Factory  
  25  2:26  SCV  
  26  2:31  Marine  
  26  2:33  Marine  
  28  2:39  Bunker  
  28  2:42  SCV  
  29  2:48  Marine  
  29  2:50  Marine  
  31  3:07  Marine  
  31  3:08  Supply Depot  
  31  3:09  SCV, Marine  
  31  3:23  Factory Reactor  
  31  3:29  SCV  
  31  3:31  Supply Depot  
  31  3:32  Starport  
  32  3:41  SCV  
  32  3:44  Command Center  
  33  3:49  Refinery  
  33  3:58  SCV  
  33  4:02  Hellion  
  36  4:04  Hellion  
  38  4:10  SCV  
  38  4:13  Viking  
  41  4:22  SCV  
  42  4:25  Hellion  
  44  4:37  Supply Depot  
  44  4:38  SCV  
  45  4:40  Barracks Reactor  
  45  4:41  Barracks Tech Lab  
  45  4:45  Starport Tech Lab  
  45  4:51  Hellion x2  
  44  4:56  SCV  
  44  4:59  Orbital Command  
  43  5:16  Orbital Command  
  43  5:18  SCV  
  44  5:22  Hellion x2  
  44  5:23  Liberator, Armory  
  45  5:30  SCV  
  45  5:32  Marine x2  
  45  5:35  Marine  
  52  5:43  SCV  
  52  5:47  SCV  
  54  5:50  Hellion  
  54  5:53  Hellion  
  58  5:59  Stimpack  
  58  6:00  SCV  
  58  6:01  SCV  
  60  6:06  Supply Depot  
  60  6:12  SCV  
  60  6:13  Marine x3  
  63  6:19  Supply Depot  
  63  6:22  SCV  
  64  6:30  SCV, Marine  
  66  6:34  SCV  
  66  6:38  Command Center  
  67  6:43  SCV  
  67  6:44  Supply Depot  
  67  6:45  Hellion x8  
  67  6:46  SCV, Marine  
  67  6:47  Marine  
  67  6:48  Marine  
  70  6:59  Engineering Bay  
  70  7:00  SCV  
  71  7:01  Engineering Bay  
  71  7:02  Barracks, SCV  
  71  7:03  Factory Reactor  
  71  7:06  Marine x2  
  71  7:07  Marine  
  73  7:15  Starport Reactor  
  73  7:22  SCV x2  
  75  7:24  Marine x2  
  75  7:25  Terran Infantry Armor Level 1  
  75  7:28  Marine  
  73  7:41  SCV x2  
  73  7:42  Marine x2  
  75  7:46  Marine  
  75  7:50  Marine x2  
  75  7:51  Barracks x2  
  78  7:52  Orbital Command  
  78  7:56  Refinery  
  78  7:59  Refinery  
  78  8:00  Medivac, Marine x2  
  78  8:02  Medivac  
  84  8:09  Marine  
  84  8:10  Marine x2  
  87  8:15  Siege Tank  
  87  8:18  Marine x2  
  92  8:21  Orbital Command  
  92  8:27  SCV, Marine x2  
  92  8:28  Marine  
  92  8:32  Bunker  
  92  8:33  Medivac x2  
  100  8:35  Marine  
  100  8:38  SCV  
  100  8:39  SCV  
  103  8:41  Supply Depot, Barracks Reactor  
  103  8:49  Supply Depot  
  103  8:52  Barracks Reactor  
  107  8:55  SCV x2  
  107  8:56  SCV  
Show
View Real Time Build Order
Export as new Build Order

Solar Zerg 

Build Orders: Pool First 

Get SALT Encoding   

  12  0:00  Drone  
  13  0:12  Overlord  
  13  0:16  Drone  
  14  0:30  Drone x2  
  14  0:34  Drone  
  17  0:44  Extractor  
  17  0:45  Drone  
  17  0:50  Spawning Pool  
  17  0:56  Drone  
  17  1:07  Drone  
  18  1:19  Hatchery  
  18  1:22  Drone  
  18  1:28  Drone  
  19  1:37  Queen  
  21  1:41  Zergling x2  
  22  1:48  Metabolic Boost  
  22  1:58  Overlord  
  22  2:16  Queen, Zergling x2  
  22  2:19  Zergling x2  
  26  2:23  Zergling x2  
  26  2:31  Zergling x2  
  26  2:37  Zergling x2  
  28  2:42  Zergling x2  
  29  2:47  Zergling x6  
  29  2:50  Zergling x2  
  33  2:56  Zergling x2  
  34  3:02  Zergling x2  
  35  3:06  Overlord  
  32  3:13  Zergling x2  
  32  3:18  Zergling x2  
  28  3:21  Zergling x2  
  28  3:24  Zergling x2  
  30  3:27  Zergling x4  
  30  3:31  Zergling x2  
  33  3:34  Zergling x2  
  33  3:38  Zergling x2  
  35  3:43  Zergling x2  
  35  3:46  Zergling x2  
  37  3:52  Zergling x2  
  37  3:54  Zergling x2  
  39  3:56  Zergling x2  
  39  4:00  Zergling x2  
  41  4:08  Overlord  
  41  4:10  Drone  
  41  4:14  Drone  
  43  4:18  Drone  
  43  4:22  Overlord  
  44  4:27  Drone x2  
  44  4:30  Drone  
  47  4:33  Drone  
  47  4:35  Drone  
  48  4:40  Drone  
  48  4:41  Drone  
  48  4:44  Drone  
  51  4:46  Drone  
  51  4:50  Drone  
  51  4:52  Drone  
  51  4:58  Queen  
  49  5:02  Drone  
  50  5:08  Overlord x2  
  50  5:14  Drone  
  50  5:15  Drone x3  
  54  5:26  Hatchery  
  53  5:29  Drone x2  
  53  5:32  Drone x2  
  57  5:36  Baneling Nest  
  57  5:40  Queen  
  58  5:43  Drone  
  58  5:44  Drone  
  58  5:48  Lair  
  58  5:49  Drone  
  61  5:53  Extractor  
  61  5:54  Extractor, Spore Crawler  
  61  5:55  Drone  
  59  6:01  Spore Crawler, Drone  
  58  6:06  Overlord  
  58  6:07  Spore Crawler  
  58  6:08  Drone  
  58  6:10  Drone  
  59  6:11  Drone  
  59  6:13  Drone  
  59  6:15  Drone  
  62  6:18  Queen  
  62  6:24  Drone x3  
  67  6:26  Drone  
  67  6:27  Drone  
  67  6:30  Drone  
  70  6:37  Extractor  
  70  6:39  Baneling x10  
  69  6:40  Zergling x2  
  69  6:43  Zergling x4  
  69  6:46  Zergling x2  
  73  6:50  Overseer  
  73  6:51  Zergling x4  
  74  6:55  Zergling x2  
  74  6:57  Overlord  
  74  7:01  Queen  
  72  7:03  Drone  
  71  7:10  Drone  
  71  7:11  Drone  
  71  7:17  Drone x2  
  71  7:19  Drone x2  
  70  7:23  Baneling  
  70  7:24  Baneling x2  
  70  7:25  Zergling x2  
  68  7:30  Zergling x2  
  68  7:31  Zergling x2  
  68  7:33  Zergling x2  
  68  7:35  Zergling x2  
  67  7:37  Zergling x2  
  67  7:41  Drone  
  66  7:52  Drone x3  
  66  7:54  Evolution Chamber, Queen  
  66  7:57  Evolution Chamber  
  66  7:58  Drone  
  70  7:59  Drone  
  70  8:02  Overlord  
  70  8:04  Drone  
  72  8:07  Drone  
  72  8:13  Drone  
  72  8:15  Drone  
  72  8:17  Drone x2  
  72  8:18  Drone x2  
  78  8:22  Extractor  
  78  8:23  Drone x3  
  80  8:28  Drone x2, Zergling x2  
  83  8:34  Hydralisk Den  
  83  8:37  Zergling x2  
  83  8:38  Zergling x4  
  83  8:39  Baneling  
  83  8:40  Baneling x7  
  85  8:47  Overlord  
  85  8:51  Zergling x2  
  85  8:52  Zergling x6  
  89  8:58  Hatchery  
Tags
 
Add a new tag
Caveats
  • Supply blocks, unpowered buildings, or Contaminate may cause inaccurate times.
  • Supply counts are checked every 10 seconds.